 Dungeon Crawl Stone Soup version 0.31-a0-430-gf8416d752b (webtiles) character file.

Game seed: 11820670605155644058

79 Grim the Gusty (level 4, 0/24 HPs)
             Began as a Tengu Air Elementalist on July 31, 2023.
             Slain by an orc wizard
             ... wielding a +0 dagger
              (3 damage)
             ... on level 3 of the Dungeon.
             The game lasted 00:04:12 (2291 turns).

Grim the Gusty (Tengu Air Elementalist)             Turns: 2291, Time: 00:04:13

Health: 0/24       AC:  2    Str:  8    XL:     4   Next: 37%
Magic:  5/8        EV: 12    Int: 18    God:
Gold:   81         SH:  0    Dex: 14    Spells: 4/7 levels left

rFire   . . .        j - +2 short sword (distort)
rCold   . . .        (no shield)
rNeg    . . .        a - +0 robe
rPois   +            (helmet restricted)
rElec   .            (no cloak)
rCorr   .            (no gloves)
SInv    .            (boots unavailable)
Will    .....        (no amulet)
Stlth   +            d - ring of poison resistance
HPRegen 0.24/turn    (no ring)
MPRegen 0.11/turn

%: no passive effects
@: confused
A: beak, talons 3
a: no special abilities


You were on level 3 of the Dungeon.
You visited 1 branch of the dungeon, and saw 3 of its levels.

You collected 81 gold pieces.

Inventory:

Hand Weapons
 j - a +2 short sword of distortion (weapon)
Armour
 a - a +0 robe (worn)
Jewellery
 d - a ring of poison resistance (left hand)
 e - a ring of flight
Scrolls
 c - 2 scrolls of identify {unknown}
 g - a scroll of noise {unknown}
 h - a scroll of enchant armour {unknown}
 i - a scroll of blinking {unknown}
 k - a scroll of teleportation {unknown}
Potions
 b - a potion of magic
 f - a potion of ambrosia {unknown}
 l - a potion of heal wounds {unknown}
 m - a potion of enlightenment {unknown}
 n - a potion of might {unknown}


   Skills:
 - Level 2.1 Dodging
 - Level 2.0 Stealth
 - Level 2.0 Spellcasting
 + Level 3.2 Conjurations
 * Level 5.9 Air Magic


You had 4 spell levels left.
You knew the following spells:

 Your Spells              Type           Power      Damage    Failure   Level
a - Shock                 Conj/Air       72%        1d7       2%          1
b - Static Discharge      Conj/Air       36%        2-4/arc   4%          2

Your spell library contained the following spells:

 Spells                   Type           Power      Damage    Failure   Level
 Swiftness                Air            23%        N/A       4%          3
 Airstrike                Air            11%        2d(2-18)  16%         4
 Necrotise                Necr           4%         1d4       19%         1
 Blink                    Tloc           2%         N/A       26%         2
 Inner Flame              Hex/Fire       1%         N/A       47%         3
 Vampiric Draining        Necr           1%         2d6       47%         3
 Manifold Assault         Tloc           1%         N/A       87%         4
 Agony                    Necr           1%         N/A       99%         5
 Yara's Violent Unravell  Hex/Tmut       0%         3d3       99%         5
 Enfeeble                 Hex            0%         N/A       100%        7


Dungeon Overview and Level Annotations

Branches:
Dungeon (3/15)

Altars:


Innate Abilities, Weirdness & Mutations

You have a beak for a mouth.
You have claws for feet.


Message History

You hear a shout!
The orc hits you with a +0 dagger.
* * * LOW HITPOINT WARNING * * *
Things that are here:
a +0 club; a +0 dagger; a +0 robe You hit the orc.
Space warps around the orc.
Your peck misses the orc.
The orc is almost dead.
The orc barely misses you.
The orc wizard casts a spell.
The orc wizard flickers and vanishes!
Deactivating autopickup; reactivate with Ctrl-A.
You closely miss the orc. You claw the orc.
You kill the orc!
You miss something. Something hits you.
* * * LOW HITPOINT WARNING * * *
You closely miss something. Your kick misses something.
Something hits you but does no damage.
You barely miss something. Your kick misses something.
Your peck misses something. Something hits you but does no damage.
You barely miss something. You claw something.
You hear some strange, mumbled words.
A puff of flame appears from out of thin air!
The puff of flame hits you.
* * * LOW HITPOINT WARNING * * *
You barely miss something. Your kick misses something. You peck something.
Something hits you.
* * * LOW HITPOINT WARNING * * *
You miss something. Your punch misses something.
You hear some strange, mumbled words.
You are confused.
You completely miss something. Your kick misses something. Something hits you.
* * * LOW HITPOINT WARNING * * *
You bump into the rock wall.
An orc wizard comes into view. It is wielding a +0 dagger.
Something hits you.
* * * LOW HITPOINT WARNING * * *
You bump into the rock wall.
The orc wizard shouts!
You hear a shout!
Something hits you.
You die...

.# ###.#
#<#.# #@#.#
#{#.# #
#.#.#
#.#.#.###.##
#...........
###o#.#.#.##
.....o.
#.##.#.#.# #
#.#...o.


You could see an orc wizard.

Vanquished Creatures
  An orc wizard (D:3)
  2 dart slugs (D:2)
  2 orcs (D:3)
  3 ball pythons
  6 bats
  8 endoplasms
  4 giant cockroaches
  4 goblins
  2 hobgoblins
  2 jackals (D:2)
  4 kobolds
  3 frilled lizards
  2 rats (D:1)
43 creatures vanquished.

Notes
Turn   | Place    | Note
-------+----------+-------------------------------------------
     0 | D:1      | Grim the Tengu Air Elementalist began the quest for the
                  | Orb.
     0 | D:1      | Reached XP level 1. HP: 10/10 MP: 4/4
   310 | D:1      | Reached XP level 2. HP: 15/15 MP: 4/6
   717 | D:1      | Learned a level 2 spell: Static Discharge
  1122 | D:1      | Reached skill level 5 in Air Magic
  1192 | D:2      | Reached XP level 3. HP: 12/19 MP: 1/7
  2275 | D:3      | Reached XP level 4. HP: 16/24 MP: 3/8
  2291 | D:3      | Slain by an orc wizard

Illustrated notes

Levels and vault maps discovered:
D:1:      moated_graveyard_arrival, layout_loops_corners
D:2:      layout_basic, nicolae_twisty_statue_hallways
D:3:      layout_basic, zin_academy, nzn_hepliaklqana_mist_gate,
          shapermc_ecumenical_altar_rom_forum, minivault_5, nicolae_titane,
          uniq_natasha, uniq_terence, uniq_jessica

Skill      XL: |  1  2  3 |
---------------+----------+-----
Conjurations   | 2 3 |  3.2
Air Magic      | 5 |  5.9
Dodging        | |  2.1
Stealth        | |  2.0
Spellcasting   | |  2.0

Action                     |  1- 3 |  4- 6 || total
---------------------------+-------+-------++-------
  Melee: Unarmed           |     3 |       ||     3
         Peck              |     1 |     1 ||     2
         Short sword       |    12 |    11 ||    23
         Kick              |     2 |     2 ||     4
   Cast: Shock             |    67 |       ||    67
         Static Discharge  |     2 |       ||     2
   Stab: Sleeping          |     1 |       ||     1
 Armour: Robe              |     2 |     4 ||     6
  Dodge: Dodged            |    12 |     2 ||    14

Table legend: (Time is in decaauts)
 A = Elapsed time spent in this place.
 B = Non-inter-level travel time spent in this place.
 C = Inter-level travel time spent in this place.
 D = Time resting spent in this place.
 E = Time spent auto-exploring this place.
 F = Levels seen in this place.
 G = Mean time per level.
                   A        B        C        D        E       F      G
               +--------+--------+--------+--------+--------+-----+--------+
         Total |   2290 |   2262 |     28 |    239 |   1791 |   3 |  763.3 |
       Dungeon |   2290 |   2262 |     28 |    239 |   1791 |   3 |  763.3 |
               +--------+--------+--------+--------+--------+-----+--------+

Top non-repeatable levels by time:
     D:1: 1186 daAuts
     D:2: 1066 daAuts
     D:3: 38 daAuts
